AoeStats
← fadiealassaf

MegaRandom

508911882Analyzed
4v4 RM · 7d ago on Sep 24, 2026· 51m 19s· 8 players
Game mode
Random Map
Map size
Large (8 player)
Population
200
Speed
Normal
Resources
Standard
Victory
Conquest
Starting age
Dark Age
Ending age
Imperial Age
RankedLock teamsTeams togetherTeam positionsShared explorationLock speedFull tech treeHidden civsTurbo modeCheats
Victory
Defeat
🇷🇺 Gurjaras · Russia
986
+14
🇮🇳 Maya · India
913
+17
🇩🇪 Franks · Germany
871
+19
🇨🇳 Varangians · China
867
+19
🇦🇷 Hindustanis · Argentina
1002
-19
🇪🇸 Poles · Spain
940
-17
928
-17
🇭🇺 Mongols · Hungary
903
-16
MIRMIDOR
4:00 Loom
13:09 Feudal Age
17:48 Castle Age
18:44 Fletching
22:43 Horse Collar
23:37 Double-Bit Axe
24:29 Stone Mining
27:04 Bodkin Arrow
30:23 Bow Saw
30:16 Heavy Plow
31:07 Wheelbarrow
30:42 Town Watch
33:25 Hand Cart
33:50 Szlachta Privileges
33:48 Husbandry
35:18 Bloodlines
39:23 Imperial Age
37:18 Scale Barding Armor
37:56 Gold Mining
38:20 Forging
40:10 Chain Barding Armor
41:14 Conscription
40:38 Cavalier
42:06 Iron Casting
42:16 Pikeman
42:57 Squires
THEAVENGR
10:35 Feudal Age
12:01 Loom
15:55 Castle Age
14:22 Double-Bit Axe
18:04 Husbandry
18:25 Stone Mining
20:10 Squires
24:41 Murder Holes
25:30 Gold Mining
26:44 Fletching
27:34 Bodkin Arrow
29:24 Bow Saw
29:57 Bloodlines
36:36 Wheelbarrow
35:47 Town Watch
37:05 Horse Collar
40:38 Heavy Plow
42:30 Forging
44:40 Scale Barding Armor
47:06 Caravan
51:50 Imperial Age
50:45 Iron Casting
50:33 Chain Barding Armor
Juan Carlos Bodoque
1:48 Loom
12:08 Feudal Age
13:01 Town Watch
17:49 Double-Bit Axe
19:41 Wheelbarrow
21:58 Castle Age
19:43 Horse Collar
21:33 Gold Mining
21:50 Fletching
22:08 Padded Archer Armor
22:47 Stone Mining
29:06 Crossbowman
29:59 Bodkin Arrow
30:19 Leather Archer Armor
30:10 Elite Skirmisher
31:59 Ballistics
31:27 Treadmill Crane
32:07 Hand Cart
33:05 Thumb Ring
33:25 Town Patrol
34:55 Squires
34:40 Arson
35:08 Forging
34:58 Scale Mail Armor
39:27 Imperial Age
40:36 Paper Money
40:20 Bracer
40:52 Ring Archer Armor
42:42 Chemistry
41:15 Arbalester
41:34 Elite Rattan Archer
45:28 Bow Saw
45:52 Imperial Skirmisher
47:45 Elite Fire Lancer
49:20 Stone Shaft Mining
51:56 Two-Man Saw
Tango 01
3:49 Loom
10:40 Feudal Age
11:22 Feudal Age
12:25 Double-Bit Axe
14:59 Wheelbarrow
16:34 Castle Age
15:29 Fletching
16:55 Horse Collar
19:13 Fervor
19:21 Padded Archer Armor
19:17 Bodkin Arrow
21:18 Leather Archer Armor
22:25 Hand Cart
24:35 Stone Mining
26:56 Bow Saw
27:38 Gold Mining
31:56 Imperial Age
30:45 Ballistics
31:42 Grand Trunk Road
31:57 Thumb Ring
33:40 Chemistry
32:42 Bracer
33:13 Ring Archer Armor
33:24 Masonry
39:39 Conscription
39:43 Shatagni
48:57 Pikeman
49:38 Squires
49:41 Scale Mail Armor
49:51 Forging
49:38 Town Watch
fadiealassaf
8:34 Loom
10:36 Feudal Age
13:18 Double-Bit Axe
13:27 Gold Mining
19:32 Wheelbarrow
18:46 Town Watch
23:54 Castle Age
26:01 Husbandry
27:23 Forging
27:19 Scale Barding Armor
29:19 Hand Cart
29:09 Town Patrol
34:35 Gold Shaft Mining
34:18 Bow Saw
35:07 Iron Casting
38:27 Chain Barding Armor
RAVILKA_BIG
10:33 Feudal Age
11:20 Double-Bit Axe
12:19 Wheelbarrow
11:37 Loom
18:02 Bloodlines
17:54 Horse Collar
20:57 Gold Mining
23:43 Stone Mining
28:03 Castle Age
29:19 Bow Saw
29:46 Padded Archer Armor
29:36 Fletching
31:21 Heavy Plow
32:59 Leather Archer Armor
32:40 Bodkin Arrow
41:42 Husbandry
41:49 Scale Barding Armor
44:06 Chain Barding Armor
51:10 Imperial Age
49:00 Hand Cart
50:41 Gold Shaft Mining
51:14 Heavy Camel Rider
Electic
0:46 Loom
11:55 Feudal Age
12:54 Double-Bit Axe
12:52 Horse Collar
15:58 Fletching
19:11 Castle Age
17:30 Padded Archer Armor
18:48 Gold Mining
19:44 Wheelbarrow
20:11 Crossbowman
28:06 Bodkin Arrow
28:27 Leather Archer Armor
29:06 Bow Saw
28:59 Heavy Plow
30:07 Thumb Ring
34:01 Imperial Age
32:44 Hand Cart
32:15 Town Watch
33:10 Hul'che Javelineers
33:49 Murder Holes
34:06 Fortified Wall
34:08 Masonry
33:39 Treadmill Crane
35:55 Conscription
36:13 Hoardings
35:41 Bracer
36:12 Ring Archer Armor
37:15 Chemistry
36:37 Ballistics
36:49 Architecture
36:47 Town Patrol
37:19 Crop Rotation
37:53 Two-Man Saw
37:24 Arbalester
40:03 Elite Plumed Archer
46:07 Squires
45:53 Arson
45:30 Eagle Warrior
47:01 Forging
46:51 Scale Mail Armor
47:09 Guilds
49:59 Elite Eagle Warrior
51:17 Iron Casting
50:58 Chain Mail Armor
51:49 Holcans
50:52 Sappers
Iluvatar
5:31 Loom
11:55 Feudal Age
13:36 Double-Bit Axe
18:16 Castle Age
19:31 Bow Saw
19:04 Horse Collar
21:58 Heavy Plow
27:12 Forging
27:03 Scale Mail Armor
27:19 Gold Mining
29:50 Chain Mail Armor
35:10 Imperial Age
33:16 Wheelbarrow
32:26 Town Watch
32:51 Treadmill Crane
33:49 Iron Casting
33:56 Town Watch
34:21 Stone Mining
35:59 Hand Cart
35:45 Town Patrol
36:37 Crop Rotation
37:28 Blast Furnace
36:59 Plate Mail Armor
36:26 Elite Varangian Guard
39:12 Fletching
39:23 Padded Archer Armor
39:39 Scale Barding Armor
40:07 Ballistics
39:58 Masonry
39:54 Siege Engineers
40:00 Squires
39:46 Arson
39:44 Cavalier
40:44 Bloodlines
40:35 Husbandry
41:18 Conscription
40:19 Vendel Legacy
40:20 Gothikon
42:16 Chain Barding Armor
46:43 Guilds
47:36 Plate Barding Armor
49:46 Caravan
Connection lost

Rejoining the realm…

Still unreachable

The connection could not be restored.

Session expired

The server has moved on; the page needs a fresh start.